 Dungeon Crawl Stone Soup version 0.28.0 (webtiles) character file.

Game seed: 16532618490415039472

21855 Flippered the Impaler (level 12, -4/97 HPs)
             Began as a Merfolk Gladiator on Feb 18, 2022.
             Was an Initiate of Yredelemnul.
             Slain by an unseen horror (9 damage)
             ... on level 11 of the Dungeon.
             The game lasted 00:39:18 (14171 turns).

Flippered the Impaler (Merfolk Gladiator)          Turns: 14171, Time: 00:39:19

Health: -4/97      AC: 15    Str: 16    XL:     12   Next: 94%
Magic:  14/17      EV: 14    Int:  9    God:    Yredelemnul [......]
Gold:   694        SH:  7    Dex: 15    Spells: 8/11 levels left

rFire   . . .      SeeInvis .   a - +5 trident (flame)
rCold   . . .      Faith    +   E - +0 buckler
rNeg    + . .      Spirit   .   q - +1 scale mail "Movvot" {rElec rN+ Str-2 Stlth+}
rPois   .          Reflect  .   c - +0 helmet
rElec   +          Harm     .   (no cloak)
rCorr   .          Rampage  .   y - +2 pair of gloves
Will    .....                   (no boots)
Stlth   +.........              p - amulet of faith
HPRegen 0.26/turn               h - +4 ring of protection
MPRegen 0.15/turn               m - +4 ring of slaying

@: studying 2 skills
A: (nimble swimmer 2), mertail
a: Renounce Religion, Recall Undead Harvest


You were on level 11 of the Dungeon.
You worshipped Yredelemnul.
Yredelemnul was noncommittal.
You visited 1 branch of the dungeon, and saw 11 of its levels.
You also visited: Bailey.

You collected 694 gold pieces.

Inventory:

Hand Weapons
 a - a +5 trident of flaming (weapon)
Missiles
 d - 6 throwing nets
 C - 22 javelins (quivered)
 D - 32 stones
Armour
 c - a +0 helmet (worn)
 k - a +0 ring mail of cold resistance
 q - the +1 scale mail "Movvot" (worn) {rElec rN+ Str-2 Stlth+}
   (You found it on level 3 of the Dungeon)

   Str:       It affects your strength (-2).
   rElec:     It insulates you from electricity.
   rN:        It protects you from negative energy.
   Stlth:     It makes you more stealthy.
 y - a +2 pair of gloves (worn)
 B - a +1 plate armour of positive energy
 E - a +0 buckler (worn)
Magical Staves
 w - a staff of conjuration
Jewellery
 h - a +4 ring of protection (left hand)
 j - a ring of positive energy
 m - a +4 ring of slaying (right hand)
 o - a ring of protection from fire
 p - an amulet of faith (around neck)
 r - a +6 ring of dexterity
 s - a ring of poison resistance
 G - a ring of flight
 H - an amulet of guardian spirit
Wands
 l - a wand of iceblast (16)
 z - a wand of flame (7)
Scrolls
 b - 2 scrolls of amnesia {unknown}
 f - 7 scrolls of identify
 g - a scroll of enchant weapon
 n - 2 scrolls of teleportation
 v - a scroll of summoning
 x - a scroll of silence
 A - a scroll of acquirement
 F - a scroll of immolation
 I - a scroll of vulnerability {unknown}
Potions
 e - 9 potions of curing
 i - 2 potions of ambrosia
 t - 2 potions of flight
 u - 3 potions of attraction


   Skills:
 - Level 10.0 Fighting
 - Level 16.0 Polearms
 * Level 9.0 Throwing
 + Level 12.8 Dodging
 - Level 10.0 Shields
 - Level 1.5 Ice Magic
 + Level 7.6 Invocations


You had 8 spell levels left.
You knew the following spells:

 Your Spells              Type           Power      Damage    Failure   Level
a - Frozen Ramparts       Ice            4%         1d2       96%         3

Your spell library contained the following spells:

 Spells                   Type           Power      Damage    Failure   Level
 Freeze                   Ice            8%         1d3       69%         1
 Animate Skeleton         Necr           0%         N/A       88%         1
 Apportation              Tloc           0%         N/A       88%         1
 Beastly Appendage        Tmut           0%         N/A       88%         1
 Summon Small Mammal      Summ           0%         N/A       88%         1
 Corpse Rot               Necr/Air       0%         N/A       96%         2
 Scorch                   Fire           0%         2d5       96%         2
 Wereblood                Tmut           0%         N/A       96%         2
 Spider Form              Tmut/Pois      0%         N/A       99%         3
 Airstrike                Air            0%         N/A       100%        4
 Dispel Undead            Necr           0%         3d6       100%        4
 Flame Wave               Conj/Fire      0%         2d4       100%        4
 Hailstorm                Conj/Ice       1%         3d3       100%        4
 Olgreb's Toxic Radiance  Pois           0%         N/A       100%        4
 Summon Lightning Spire   Summ/Air       0%         N/A       100%        4
 Lightning Bolt           Conj/Air       0%         1d11      100%        5
 Summon Cactus Giant      Summ           0%         N/A       100%        6
 Ozocubu's Refrigeration  Ice            1%         4d5       100%        7
 Ignition                 Fire           0%         3d3       100%        8
 Death Channel            Necr           Unusable   N/A       N/A         6

Dungeon Overview and Level Annotations

Branches:
Dungeon (11/15)            Temple (0/1) D:7          Bailey (visited)
   Lair: D:8-11         Orc: D:9-12

Altars:
Elyvilon
Kikubaaqudgha
Nemelex Xobeh
Wu Jian
Xom
Yredelemnul
The Shining One


Innate Abilities, Weirdness & Mutations

((You are very nimble when in or above water. (Stealth+, EV+, Speed+++)))
Your lower body shifts to a powerful aquatic tail in water.


Message History

* * * LOW HITPOINT WARNING * * *
The tengu warrior closely misses you. The tengu warrior pecks you.
* * * LOW HITPOINT WARNING * * *
You block the tengu warrior's attack. Yredelemnul sends a servant to aid you.
Yredelemnul accepts your bounty of souls!
You can no longer trade souls for undead servants.
Something hits you!
* * * LOW HITPOINT WARNING * * *
Your yak zombie gores the tengu warrior.
The orc warrior barely misses your yak zombie.
The orc warrior barely misses you.
The tengu warrior hits you with a +0 great sword!
* * * LOW HITPOINT WARNING * * *
You block the tengu warrior's attack. The tengu warrior barely misses you.
Something hits you but does no damage.
The orc warrior hits your yak zombie with a +0 flail!
Your yak zombie gores the tengu warrior.
Something hits you but does no damage.
The orc warrior closely misses your shadow wraith.
Something hits your shadow wraith! Something hits your yak zombie.
Your yak zombie gores something.
The orc warrior hits your yak zombie with a +0 flail!
Something hits you but does no damage. Something completely misses you.
Your yak zombie gores the orc warrior!
The orc warrior hits your yak zombie with a +0 flail!
Your yak zombie is destroyed!
Your shadow wraith hits the tengu warrior!
Something closely misses you. Something barely misses you. Something hits you.
* * * LOW HITPOINT WARNING * * *
Something hits you.
* * * LOW HITPOINT WARNING * * *
Something hits you but does no damage. Something hits you but does no damage.
Something hits you but does no damage.
You hit something. You burn something. Something hits you!
You die...
Your body rises from the dead as a mindless zombie.

#..# #...................
#..# #.......o####.......
#..# #.......o# .....:.
#..###........# .......
#.............####.......
#.........W.........####.
#..###..............#
#..# #....Q...####..#
#..# #...@....# .# #..#
#........#
#..###..))....###
#.......)).......
#.......<........
##################


You could see a tengu warrior (ally target), an orc warrior, an orc and a
friendly shadow wraith (summoned, invisible).

Vanquished Creatures
  An ice dragon (D:10)
  Harold (D:10)
  A hydra (D:10)
  A centaur warrior (D:10)
  4 two-headed ogres (D:10)
  Erica (D:8)
  3 skeletal warriors (D:9)
  A deep elf zephyrmancer (D:10)
  A cyclops (D:10)
  An orc sorcerer (D:10)
  An ugly thing (D:10)
  A salamander (shapeshifter) (D:10)
  A gargoyle (D:7)
  Prince Ribbit (D:7)
  A spriggan (shapeshifter) (D:10)
  A vampire (D:9)
  9 yaks
  Edmund (D:4)
  A warg (D:11)
  An acid dragon (D:8)
  Duvessa (D:7)
  15 orc warriors
  2 sky beasts (D:7)
  A necrophage (D:10)
  3 ice beasts
  2 ogres (D:6)
  15 centaurs
  A scorpion (D:4)
  Dowan (D:7)
  A spectral ice beast (D:7)
  11 killer bees
  3 howler monkeys (D:8)
  7 wights
  9 centaur zombies
  A human zombie (D:10)
  2 bullfrog zombies (D:6)
  A hound (D:6)
  2 jellies
  5 orc priests
  A gnoll shaman (D:4)
  Jessica (D:2)
  2 iguanas
  4 orc wizards
  A hound skeleton (D:4)
  A mummy (D:10)
  2 howler monkey zombies
  5 adders
  10 gnolls
  2 white imps
  An ufetubus (D:5)
  An adder zombie (D:5)
  A spectral white imp (D:7)
  A worm (D:2)
  33 orcs
  6 endoplasms
  A giant cockroach (D:1)
  4 hobgoblins
  4 ball pythons
  4 bats
  2 frilled lizards
  6 kobolds
  4 rats
213 creatures vanquished.

Vanquished Creatures (collateral kills)
  2 skeletal warriors (D:9)
  An orc sorcerer (D:10)
  A cyclops (D:10)
  2 yaks
  3 killer bees
  A gnoll shaman (D:4)
  An iguana (D:6)
  An orc wizard (D:9)
  5 gnolls
  2 adders
  A dart slug (D:1)
  8 orcs
  2 endoplasms
  A giant cockroach (D:3)
  3 goblins
  A ball python (D:1)
  A rat (D:1)
36 creatures vanquished.

Vanquished Creatures (others)
  An ogre mage (D:10)
  An ugly thing zombie (D:10)
  An unseen horror (D:10)
  An ice dragon zombie (D:10)
  2 two-headed ogre zombies (D:10)
  A centaur (Bailey)
  2 cyclops zombies (D:10)
  7 yak zombies
  10 centaur zombies
  3 killer bee zombies
  A necrophage zombie (D:10)
  A spectral jelly (D:6)
  A howler monkey zombie (D:8)
  A spectral white imp (D:6)
  5 adder zombies
  2 iguana zombies
  A bat zombie (D:2)
  4 gnoll zombies
  A ball python zombie (D:1)
  A giant cockroach zombie (D:3)
  2 goblin zombies
  A hobgoblin zombie (D:4)
  A human zombie (D:2)
  A kobold zombie (D:1)
  27 orc zombies
  2 spectral endoplasms
  3 fungi (D:3)
84 creatures vanquished.

Grand Total: 333 creatures vanquished

Notes
Turn   | Place    | Note
-------+----------+-------------------------------------------
     0 | D:1      | Flippered the Merfolk Gladiator began the quest for the
                  | Orb.
     0 | D:1      | Reached XP level 1. HP: 16/16 MP: 1/1
     4 | D:1      | You fall into a shaft and drop 1 floor!
    21 | D:2      | Found a faded altar of an unknown god.
    27 | D:2      | Prayed at the altar of an unknown god.
    27 | D:2      | Became a worshipper of Yredelemnul the Dark
    27 | D:2      | Reached * piety under Yredelemnul
   203 | D:2      | Reached XP level 2. HP: 23/23 MP: 2/2
   421 | D:1      | Reached skill level 5 in Polearms
   557 | D:1      | Reached XP level 3. HP: 25/28 MP: 3/3
   888 | D:2      | Noticed Jessica
   899 | D:2      | Killed Jessica
   999 | D:2      | Your ally Jessica died
  1262 | D:3      | Reached XP level 4. HP: 34/34 MP: 4/4
  1388 | D:3      | Reached skill level 6 in Polearms
  1645 | D:3      | Found a sparkling altar of Nemelex Xobeh.
  1847 | D:3      | Found a shimmering altar of Xom.
  1919 | D:3      | Identified the +1 scale mail "Movvot" {rElec rN+ Str-2
                  | Stlth+}
  2311 | D:4      | Reached skill level 5 in Dodging
  2311 | D:4      | Reached XP level 5. HP: 28/41 MP: 5/5
  2721 | D:4      | Reached skill level 7 in Polearms
  2721 | D:4      | Found an ornate altar of the Wu Jian Council.
  2734 | D:4      | Found a white marble altar of Elyvilon.
  2790 | D:4      | Found a glowing golden altar of the Shining One.
  2835 | D:4      | Reached XP level 6. HP: 45/48 MP: 6/6
  3061 | D:4      | Noticed Edmund
  3085 | D:4      | Killed Edmund
  3086 | D:4      | Reached skill level 8 in Polearms
  3457 | D:5      | Entered Level 5 of the Dungeon
  3510 | D:4      | Reached XP level 7. HP: 24/54 MP: 7/7
  3941 | D:5      | Reached skill level 9 in Polearms
  4520 | D:6      | HP: 2/55 [orc priest/divine providence (15)]
  4959 | D:6      | Noticed a yak
  4964 | D:6      | Noticed a yak
  4970 | D:6      | Noticed a yak
  4972 | D:6      | Noticed a yak
  4974 | D:6      | Killed a yak
  4975 | D:6      | Reached skill level 5 in Fighting
  4975 | D:6      | Reached skill level 10 in Polearms
  4975 | D:6      | Reached XP level 8. HP: 52/62 MP: 8/8
  4982 | D:6      | Killed a yak
  4986 | D:6      | Killed a yak
  4986 | D:6      | Reached ** piety under Yredelemnul
  4987 | D:6      | Killed a yak
  4988 | D:6      | Reached skill level 11 in Polearms
  4988 | D:6      | Reached *** piety under Yredelemnul
  5397 | D:6      | Reached XP level 9. HP: 68/71 MP: 9/9
  5403 | D:6      | Reached skill level 12 in Polearms
  5875 | D:7      | Noticed Dowan
  6102 | D:7      | Killed Dowan
  6118 | D:7      | Noticed Duvessa
  6129 | D:7      | Noticed Prince Ribbit
  6136 | D:7      | Killed Duvessa
  6137 | D:7      | Reached skill level 13 in Polearms
  6243 | D:7      | Killed Prince Ribbit
  6380 | D:7      | Found a staircase to the Ecumenical Temple.
  6535 | D:7      | Noticed a gargoyle
  6544 | D:7      | Killed a gargoyle
  6640 | D:7      | Reached skill level 14 in Polearms
  6923 | D:8      | Noticed Erica
  6942 | D:8      | Killed Erica
  6943 | D:8      | Reached skill level 1 in Shields
  6943 | D:8      | Reached XP level 10. HP: 56/80 MP: 10/10
  7344 | D:8      | Reached skill level 15 in Polearms
  7915 | D:9      | Noticed a skeletal warrior
  7945 | D:9      | Killed a skeletal warrior
  8124 | D:9      | Found a flagged portal.
  8127 | D:9      | Noticed a skeletal warrior
  8133 | Bailey   | Entered a bailey
  8414 | Bailey   | Reached skill level 16 in Polearms
  8419 | Bailey   | Reached skill level 1 in Invocations
  9451 | Bailey   | Reached XP level 11. HP: 82/89 MP: 11/13
  9773 | D:9      | Killed a skeletal warrior
  9774 | D:9      | Reached skill level 5 in Shields
  9989 | D:9      | Noticed a skeletal warrior
  9989 | D:9      | Noticed a skeletal warrior
  9990 | D:9      | Noticed a skeletal warrior
 10919 | D:9      | Reached skill level 10 in Dodging
 11034 | D:9      | Killed a skeletal warrior
 11045 | D:9      | Killed a skeletal warrior
 11046 | D:9      | Reached skill level 10 in Fighting
 11065 | D:9      | Killed a skeletal warrior
 11170 | D:10     | Entered Level 10 of the Dungeon
 11323 | D:10     | Noticed a five-headed hydra
 11336 | D:10     | Killed a five-headed hydra
 11337 | D:10     | Reached skill level 5 in Throwing
 11337 | D:10     | Reached skill level 5 in Invocations
 11504 | D:10     | Noticed a salamander
 11506 | D:10     | Noticed a brown ugly thing
 11517 | D:10     | Killed a salamander
 11534 | D:10     | Killed a brown ugly thing
 11665 | D:10     | Learned a level 3 spell: Frozen Ramparts
 11673 | D:10     | Noticed an ice dragon
 11688 | D:10     | Noticed an ogre mage
 11947 | D:9      | Acquired a manual of Dodging
 11950 | D:10     | Paralysed by an ogre mage for 4 turns
 11957 | D:10     | Killed an ogre mage
 11958 | D:10     | Reached XP level 12. HP: 92/97 MP: 16/16
 12018 | D:10     | Found an ancient bone altar of Kikubaaqudgha.
 12035 | D:10     | Reached skill level 1 in Ice Magic
 12196 | D:10     | Noticed a two-headed ogre
 12201 | D:10     | Noticed a two-headed ogre
 12209 | D:10     | Killed a two-headed ogre
 12691 | D:10     | Noticed a centaur warrior
 12702 | D:10     | Killed a centaur warrior
 12704 | D:10     | Identified the +0 leather armour of Anaesthesia {rC+ rN++}
 13076 | D:10     | Killed a two-headed ogre
 13177 | D:10     | Noticed a two-headed ogre
 13188 | D:10     | Killed a two-headed ogre
 13393 | D:10     | Noticed a two-headed ogre
 13399 | D:10     | Killed a two-headed ogre
 13526 | D:10     | Noticed Harold
 13852 | D:10     | Killed an ice dragon
 13864 | D:10     | Killed Harold
 13865 | D:10     | Reached skill level 10 in Shields
 14139 | D:11     | Noticed a tengu warrior
 14167 | D:11     | HP: 4/97 [something (1)]
 14171 | D:11     | Slain by an unseen horror

Illustrated notes

Levels and vault maps discovered:
D:1:      shiori_arrival_elements, layout_rooms, serial_bayou_ford_a
D:2:      layout_loops_ring, dreamdust_ecumenical_altar_statues,
          minmay_misc_feat_four_crosses, uniq_jessica
D:3:      layout_loops_ring, mainiacjoe_overflow_24_doors,
          mainiacjoe_overflow_boulevard, ebering_dispersal_statue_hall,
          moated_statue
D:4:      layout_basic, minitemple, uniq_edmund
D:5:      layout_rooms, kennysheep_generic_room_8
D:6:      layout_basic
D:7:      layout_cave_pools, minmay_temple_entry_slanted, uniq_prince_ribbit1,
          uniq_duvessa
D:8:      layout_basic, eino_jars, uniq_erica
D:9:      layout_stronghold, enter_bailey_2
D:10:     minmay_the_grid_3x2 [minmay_the_grid_outer_diamond,
          minmay_the_grid_dragon_a, minmay_the_grid_tiny_cups,
          minmay_the_grid_tri_star, minmay_the_grid_box_x,
          minmay_the_grid_prize_inner_circle], layout_loops_cross,
          lemuel_mausoleum_altar_kikubaaqudgha, chequers_serial_rivers_micro_b,
          chequers_serial_rivers_micro_b, uniq_harold
D:11:     layout_small_grid, grunt_lair_entry_orc_guard_hut, david_orc_3

Skill      XL: |  1  2  3  4  5  6  7  8  9 10 11 12 |
---------------+-------------------------------------+-----
Polearms       | 5 6 7 8 10 11 14 16 | 16.0
Fighting       | 3 4 5 6 8 9 10 | 10.0
Dodging        | 5 6 7 8 9 10 12 | 12.8
Shields        | 1 4 8 10 | 10.0
Invocations    | 2 5 7 |  7.6
Throwing       | 6 9 |  9.0
Ice Magic      | 1 |  1.5

Action                   |  1- 3 |  4- 6 |  7- 9 | 10-12 || total
-------------------------+-------+-------+-------+-------++-------
Melee: Trident           |    64 |   121 |   115 |   485 ||   785
       Punch             |     1 |       |     2 |       ||     3
       Halberd           |       |       |   115 |       ||   115
       Tailslap          |       |       |       |     2 ||     2
Throw: Throwing net      |       |     1 |       |       ||     1
       Javelin           |       |       |       |     6 ||     6
Invok: Recall Undead Har |       |     1 |     2 |     3 ||     6
       Dark Bargain      |       |       |       |     5 ||     5
  Use: Potion            |       |     3 |       |     1 ||     4
       Scroll            |       |       |    17 |     2 ||    19
 Stab: Sleeping          |     1 |     1 |       |       ||     2
       Distracted        |     2 |       |     2 |     5 ||     9
Armor: Leather armour    |     2 |       |       |       ||     2
       Ring mail         |     1 |     2 |       |     9 ||    12
       Scale mail        |       |    19 |    41 |   138 ||   198
Dodge: Dodged            |     9 |    35 |    86 |   172 ||   302
Block: Buckler           |       |       |       |    84 ||    84
